 Dungeon Crawl Stone Soup version 0.31-a0-441-g867994ef1c (webtiles) character file.

Game seed: 7242463449774606259

101 LeprechaunX the Ruffian (level 4, -13/29 HPs)
             Began as an Octopode Shapeshifter on Aug 2, 2023.
             Mangled by a gnoll
             ... wielding a +0 halberd
              (17 damage)
             ... on level 2 of the Dungeon.
             The game lasted 00:01:12 (1218 turns).

LeprechaunX the Ruffian (Octopode Shapeshifter)     Turns: 1218, Time: 00:01:12

Health: -13/29     AC:  1    Str: 16    XL:     4   Next: 75%
Magic:  4/4        EV: 13    Int: 10    God:
Gold:   69         SH:  0    Dex: 12    Spells: 3/3 levels left

rFire   . .          .
                       - Unarmed
rCold   . . .        (no shield)
rNeg    . . .        (helmet currently unavailable)
rPois   .            (no amulet)
rElec   .            (no ring)
rCorr   .            (no ring)
SInv    .            (no ring)
Will    .....        (no ring)
Stlth   ++           (no ring)
HPRegen 0.24/turn    (no ring)
MPRegen 0.09/turn    (no ring)
                     (no ring)

%: no passive effects
@: beast-form
A: beast (slay +2), almost no armour, amphibious, 8 rings, camouflage 1,
gelatinous body 1, (nimble swimmer 1), tentacles
a: Begin Untransformation


You were on level 2 of the Dungeon.
You were a hulking beast.
You visited 1 branch of the dungeon, and saw 2 of its levels.

You collected 69 gold pieces.

Inventory:

Talismans
 b - a beast talisman (active)
Scrolls
 c - a scroll of blinking {unknown}
 d - 2 scrolls of immolation {unknown}
 e - 2 scrolls of identify {unknown}
 g - a scroll of revelation {unknown}
 h - a scroll of teleportation {unknown}
Potions
 a - a potion of lignification
 f - 3 potions of curing {unknown}
 i - a potion of heal wounds {unknown}


   Skills:
 + Level 2.2 Fighting
 + Level 2.9 Dodging
 + Level 3.6 Unarmed Combat
 + Level 3.4 Shapeshifting


You had 3 spell levels left.
You didn't know any spells.
Your spell library was empty.

Dungeon Overview and Level Annotations

Branches:
Dungeon (2/15)

Altars:


Innate Abilities, Weirdness & Mutations

You are a hulking beast.
Your limbs bulge with bestial killing power. (Slay +2)
You cannot wear most types of armour.
You are amphibious.
You can wear up to eight rings at the same time.
Your skin changes colour to match your surroundings (Stealth+).
Your rubbery body absorbs attacks. (AC +1, EV +1)
((You are camouflaged when in or above water. (Stealth+)))
You have tentacles for arms and can constrict up to eight enemies at once.


Message History

You kill the ball python!
No target in view!
No target in view!
No target in view!
No target in view!
No target in view!
No target in view!
No target in view!
No target in view!
No target in view!
No target in view!
No target in view!
No target in view!
Okay, then.
f - 3 viscous white potions (gained 1)
You now have 69 gold pieces (gained 12).
A gnoll comes into view. It is wielding a +0 halberd.
A gnoll is nearby!
A gnoll is nearby!
A gnoll is nearby!
A goblin comes into view. It is wielding a +0 dagger.
A gnoll comes into view. It is wielding a +0 flail.
The gnoll shouts!
You hear a shout!
The gnoll barely misses you.
A gnoll comes into view. It is wielding a +0 club.
A gnoll comes into view. It is wielding a +0 flail.
You barely miss the gnoll.
The goblin shouts!
You grab the gnoll. You constrict the gnoll.
You hear a shout!
The gnoll hits you with a +0 halberd!
You tentacle-slap the gnoll but do no damage.
The gnoll is lightly wounded.
You constrict the gnoll. The gnoll hits you with a +0 halberd!
* * * LOW HITPOINT WARNING * * *
You tentacle-slap the gnoll but do no damage.
The gnoll is moderately wounded.
You constrict the gnoll. The gnoll hits you with a +0 halberd!
Ouch! That really hurt!
You die...

### #.. #.#
##########.##
..>.........#
.#...).#..#
#........# .# ###
#.....##.####g..#
...
##...#....hggg..#
#.#
##.##.?#.###g###
##.# #.##...)#
##.#### #.##.#.##
.#....# #.##.#.#
#.###.# #.##.#.#
##.##.# #.##.#.#
#.###.###.##.#.#
.##............#


You could see 4 gnolls and a goblin.

Vanquished Creatures
  A hound (D:2)
  2 adders (D:2)
  A dart slug (D:1)
  7 endoplasms
  2 giant cockroaches (D:1)
  3 goblins (D:1)
  5 hobgoblins
  3 jackals (D:2)
  2 kobolds (D:1)
  3 quokkas
  4 ball pythons
  9 bats
  3 frilled lizards (D:1)
  2 rats (D:1)
47 creatures vanquished.

Notes
Turn   | Place    | Note
-------+----------+-------------------------------------------
     0 | D:1      | LeprechaunX the Octopode Shapeshifter began the quest for
                  | the Orb.
     0 | D:1      | Reached XP level 1. HP: 13/13 MP: 1/1
   171 | D:1      | Reached XP level 2. HP: 18/18 MP: 2/2
   544 | D:1      | Reached XP level 3. HP: 22/23 MP: 3/3
  1009 | D:2      | Reached XP level 4. HP: 19/29 MP: 4/4
  1218 | D:2      | Mangled by a gnoll

Illustrated notes

Levels and vault maps discovered:
D:1:      dpeg_arrival_long_road, layout_basic
D:2:      layout_loops_ring, kennysheep_another_room, minmay_joined_circles,
          uniq_terence, uniq_natasha, uniq_sigmund

Skill      XL: |  1  2  3 |
---------------+----------+-----
Fighting       | 2 |  2.2
Dodging        | |  2.9
Unarmed Combat | |  3.6
Shapeshifting  | |  3.4

Action                     |  1- 3 |  4- 6 || total
---------------------------+-------+-------++-------
  Melee: Unarmed           |    78 |    17 ||    95
         Constrict         |    21 |     5 ||    26
         Punch             |     3 |       ||     3
         Tentacles         |     6 |     6 ||    12
   Stab: Sleeping          |     6 |     3 ||     9
 Armour: Skin              |     9 |     1 ||    10
  Dodge: Dodged            |    40 |     5 ||    45

Table legend: (Time is in decaauts)
 A = Elapsed time spent in this place.
 B = Non-inter-level travel time spent in this place.
 C = Inter-level travel time spent in this place.
 D = Time resting spent in this place.
 E = Time spent auto-exploring this place.
 F = Levels seen in this place.
 G = Mean time per level.
                   A        B        C        D        E       F      G
               +--------+--------+--------+--------+--------+-----+--------+
         Total |   1211 |   1185 |     26 |      0 |    926 |   2 |  605.5 |
       Dungeon |   1211 |   1185 |     26 |      0 |    926 |   2 |  605.5 |
               +--------+--------+--------+--------+--------+-----+--------+

Top non-repeatable levels by time:
     D:1: 922 daAuts
     D:2: 289 daAuts
